cohdb
Replays
Latest Replays
All Replays
Popular Replays
Top Player Replays
Match Explorer
How It Works
Community
CoH3 Stats
Reddit
Sign in to upload your games and track your stats! →
Sign in with Steam
Match 42296268
Unlisted
Match 42296268
Overview
Messages
Build Orders
End
Construct Infanterie Kompanie
Grenadier Squad
Grenadier Squad
Grenadier Squad
GrW 34 Mortar Team
Construct Panzergrenadier Kompanie
251 Medium Carrier
251 Medium Carrier
Panzergrenadier Squad
Panzergrenadier Squad
Pak 40 Anti-tank Gun Team
Yeoul
simranjitsingh713
supernova0102
Tastyland
Spicywolf
Meter
0
0
Comments
sign in to comment!
No comments posted yet!